AoeStats
← claudio_miranda_94

Hideout

510195648Analyzed
1v1 RM · 3d ago on Sep 29, 2026· 47m 38s· 2 players
Game mode
Random Map
Map size
Tiny (2 player)
Population
200
Speed
Normal
Resources
Standard
Victory
Conquest
Starting age
Dark Age
Ending age
Imperial Age
RankedLock teamsTeams togetherTeam positionsShared explorationLock speedFull tech treeHidden civsTurbo modeCheats
Victory
Defeat
🇨🇱 Khmer · Chile
823
+14
🇦🇷 Bulgarians · Argentina
776
-14
pablodbo
7:02 Loom
9:43 Feudal Age
10:39 Double-Bit Axe
13:00 Forging
13:35 Arson
13:53 Scale Mail Armor
16:18 Wheelbarrow
20:51 Castle Age
19:07 Scale Barding Armor
19:34 Bloodlines
19:27 Gold Mining
19:27 Horse Collar
22:07 Gold Shaft Mining
22:52 Hand Cart
24:50 Husbandry
26:17 Bow Saw
26:43 Town Watch
26:53 Stone Mining
28:31 Heavy Plow
28:33 Town Patrol
29:18 Stone Shaft Mining
35:37 Imperial Age
34:50 Iron Casting
34:30 Chain Mail Armor
34:59 Chain Barding Armor
35:37 Pikeman
36:17 Murder Holes
37:23 Chemistry
36:34 Onager
41:02 Heated Shot
45:50 Ballistics
47:30 Elite Konnik
claudio_miranda_94
7:44 Loom
10:39 Feudal Age
11:32 Horse Collar
11:41 Double-Bit Axe
15:51 Padded Archer Armor
17:04 Fletching
21:28 Castle Age
19:37 Gold Mining
19:38 Stone Mining
20:45 Forging
20:36 Scale Mail Armor
21:39 Crossbowman
22:37 Bodkin Arrow
22:58 Leather Archer Armor
23:23 Bow Saw
23:17 Heavy Plow
25:30 Scale Barding Armor
26:01 Iron Casting
27:47 Husbandry
27:41 Town Watch
33:12 Imperial Age
31:54 Town Patrol
32:29 Wheelbarrow
33:26 Bloodlines
32:37 Light Cavalry
33:23 Arbalester
35:30 Chain Barding Armor
36:11 Blast Furnace
35:11 Bracer
36:21 Crop Rotation
36:33 Hand Cart
36:58 Hussar
38:42 Ballistics
38:18 Murder Holes
42:08 Plate Barding Armor
41:58 Pikeman
44:04 Halberdier
46:56 Chain Mail Armor
Connection lost

Rejoining the realm…

Still unreachable

The connection could not be restored.

Session expired

The server has moved on; the page needs a fresh start.